 Seeded DCSS version 0.28.0-53-g5a82cb258f (webtiles) character file.

Game seed: 6737368310326861808 (custom seed)

207 cbfl8 the Sneak (level 5, -1/70 HPs)
             Began as a Hill Orc Delver on July 17, 2022.
             Was a Follower of Beogh.
             Succumbed to a scorpion's poison
             ... on level 3 of the Dungeon.
             The game lasted 00:06:32 (3994 turns).

cbfl8 the Sneak (Hill Orc Delver)                   Turns: 3994, Time: 00:06:33

Health: -1/70      AC: 26    Str: 17    XL:     5   Next: 85%
Magic:  5/5        EV:  2    Int: 10    God:    Beogh [*.....]
Gold:   141        SH:  4    Dex: 12    Spells: 4/4 levels left

rFire   . . .      SeeInvis .   a - +0 hand axe
rCold   . . .      Faith    .   j - +1 buckler {reflect}
rNeg    . . .      Spirit   .   (armour currently unavailable)
rPois   +          Reflect  +   (helmet currently unavailable)
rElec   .          Harm     .   (cloak currently unavailable)
rCorr   .          Rampage  .   (gloves currently unavailable)
Will    .....      NoTele   +   (boots currently unavailable)
Stlth   +++.......              (no amulet)
HPRegen 0.21/turn               e - +4 ring of protection
MPRegen 0.09/turn               (no ring)

@: lethally poisoned (-1 -> -19), tree-form
A: stationary, stasis, torment immunity, boosted hp
a: Renounce Religion


You were on level 3 of the Dungeon.
You worshipped Beogh.
Beogh was aware of your devotion.
You were a tree.
You visited 1 branch of the dungeon, and saw 5 of its levels.

You collected 141 gold pieces.

Inventory:

Hand Weapons
 a - a +0 hand axe (weapon)
Armour
 b - a +0 leather armour (melded)
 j - a +1 buckler of reflection (worn)
 o - a +0 helmet (melded)
Jewellery
 e - a +4 ring of protection (left branch)
Wands
 g - a wand of digging (3)
 h - a wand of acid (6) (quivered)
Scrolls
 c - a scroll of fog
 d - a scroll of magic mapping
 i - a scroll of identify {unknown}
 l - a scroll of blinking {unknown}
 n - a scroll of teleportation {unknown}
 p - a scroll of silence {unknown}
Potions
 f - 2 potions of haste
 k - a potion of attraction {unknown}


   Skills:
 + Level 4.3 Fighting
 + Level 4.1 Axes
 + Level 2.3 Armour
 + Level 2.1 Dodging
 + Level 5.0 Stealth
 + Level 1.1 Shields


You had 4 spell levels left.
You didn't know any spells.
Your spell library was empty.

Dungeon Overview and Level Annotations

Branches:
Dungeon (5/15)
 Temple: D:4-7

Altars:

Shops:
D:4 !

Annotations:
D:3 Ijyb
D:4 Edmund


Message History

You are poisoned.
The scorpion poisons you!
You closely miss the scorpion.
The scorpion is moderately wounded.
You feel very sick. The scorpion stings you!
You are more poisoned.
The scorpion poisons you!
You hit the scorpion.
The scorpion is moderately wounded.
You feel very sick.
The scorpion stings you but does no damage.
You hit the scorpion.
The scorpion is heavily wounded.
You feel very sick. The scorpion misses you. The scorpion stings you.
You hit the scorpion but do no damage.
The scorpion is heavily wounded.
You feel very sick. The scorpion stings you.
* * * LOW HITPOINT WARNING * * *
You hit the scorpion but do no damage.
The scorpion is heavily wounded.
You feel sick. The scorpion stings you.
* * * LOW HITPOINT WARNING * * *
You are more poisoned.
The scorpion poisons you!
You closely miss the scorpion.
The scorpion is heavily wounded.
* * * LOW HITPOINT WARNING * * *
You feel very sick. The scorpion stings you.
* * * LOW HITPOINT WARNING * * *
You are more poisoned.
The scorpion poisons you! The scorpion misses you.
It was a potion of lignification.
You turn into a tree.
Your +0 helmet melds into your body.
Your +0 leather armour melds into your body.
Your roots penetrate the ground.
You die...

######### #.....♣s#
#.##.##.#
#.#.#.#.###############
#..#......>.#..........
#.#...#.###...######..#
#.......####### #.#.#
#.##.##..## #.###.
#.##.##...## ## # #.#
......#


You could see a scorpion.

Vanquished Creatures
  A bullfrog skeleton (D:3)
  Jessica (D:2)
  A hound skeleton (D:4)
  4 gnolls (D:3)
  4 adders
  3 dart slugs
  2 orcs (D:3)
  2 bats
  8 endoplasms
  3 giant cockroaches
  3 goblins
  4 hobgoblins
  3 jackals (D:1)
  2 quokkas
  3 ball pythons
  6 frilled lizards
  8 kobolds
  3 rats
61 creatures vanquished.

Vanquished Creatures (others)
  An orc (D:5)
1 creature vanquished.

Grand Total: 62 creatures vanquished

Notes
Turn   | Place    | Note
-------+----------+-------------------------------------------
     0 | D:5      | cbfl8 the Hill Orc Delver began the quest for the Orb.
     0 | D:5      | Reached XP level 1. HP: 19/19 MP: 1/1
    45 | D:5      | Noticed an orc priest
    46 | D:5      | Became a worshipper of Beogh the Brigand
   132 | D:4      | Reached XP level 2. HP: 25/27 MP: 2/2
   431 | D:3      | Reached XP level 3. HP: 6/33 MP: 3/3
   735 | D:3      | Noticed Ijyb
   788 | D:3      | Noticed a scorpion
   818 | D:4      | Reached XP level 4. HP: 12/40 MP: 4/4
  1131 | D:4      | Found Zaeczeor's Distillery.
  1131 | D:4      | Noticed Edmund
  1174 | D:3      | Reached skill level 1 in Armour
  2074 | D:1      | Found a faded altar of an unknown god.
  2416 | D:2      | Reached * piety under Beogh
  2455 | D:2      | Reached XP level 5. HP: 46/46 MP: 5/5
  2500 | D:2      | You fall into a shaft and drop 2 floors!
  3029 | D:2      | Noticed Jessica
  3048 | D:2      | Killed Jessica
  3049 | D:2      | Reached skill level 5 in Stealth
  3049 | D:2      | Reached skill level 1 in Shields
  3993 | D:3      | HP: 2/47 [scorpion (1)]
  3994 | D:3      | Succumbed to a scorpion's poison

Illustrated notes

Levels and vault maps discovered:
D:1:      dpeg_arrival_solitude, layout_basic,
          hellmonk_ecumenical_altar_pennies_from_heaven
D:2:      layout_loops_cross, uniq_jessica
D:3:      layout_loops_cross, uniq_ijyb
D:4:      layout_basic, serial_shops, shop, grunt_decor_mini_mirrors,
          minivault_11, uniq_edmund
D:5:      layout_basic, mainiacjoe_overflow_24_doors, kennysheep_another_room

Skill      XL: |  1  2  3  4  5 |
---------------+----------------+-----
Axes           | 3 4 |  4.1
Armour         | 1 2 |  2.3
Fighting       | 4 |  4.3
Dodging        | 2 |  2.1
Stealth        | 5 |  5.0
Shields        | 1 |  1.1

Action                   |  1- 3 |  4- 6 || total
-------------------------+-------+-------++-------
Melee: Hand axe          |    69 |   239 ||   308
Invok: Convert to Beogh  |     1 |       ||     1
Evoke: Wand              |     2 |       ||     2
  Use: Scroll            |       |     1 ||     1
       Potion            |       |     1 ||     1
 Stab: Sleeping          |     1 |     8 ||     9
Armor: Leather armour    |    31 |    56 ||    87
Dodge: Dodged            |    51 |   116 ||   167
Block: Buckler           |     9 |    52 ||    61
       Reflection        |       |     1 ||     1
